NYP
MILWAUKEE (NYP) BREWERS @ HILLSBORO HOPS
08/24/2047
 
TOP OF THE 1ST
Milwaukee (NYP) Brewers batting - Pitching for Hillsboro Hops : RHP Ricardo Villar
Pitching: RHP Ricardo Villar
Batting: RHB Chris Maul 0-0: Called Strike
0-1: Ball
1-1: Ball
2-1: Ball
3-1: Fly out, F3 (Popup, 3, EV 59.4 MPH)
Batting: SHB Orlando Torres 0-0: Ground out 6-3 (Groundball, 4M, EV 88.8 MPH)
Batting: LHB Tyler Francis 0-0: Foul Ball, location: 2F
0-1: Foul Ball, location: 2F
0-2: Strikes out swinging
Top of the 1st over - 0 runs, 0 hits, 0 errors, 0 left on base; Milwaukee (NYP) 0 - Hillsboro 0
BOTTOM OF THE 1ST
Hillsboro Hops batting - Pitching for Milwaukee (NYP) Brewers : RHP Ben Bosley
Pitching: RHP Ben Bosley
Batting: RHB Nelson Ozuna 0-0: Ball
1-0: Called Strike
1-1: SINGLE (Line Drive, 56D, EV 96.2 MPH)
Batting: RHB Dwane Reed 0-0: Fly out, F7 (Flyball, 78S, EV 91.2 MPH)
Batting: RHB Danny Loyola 0-0: Called Strike
0-1: Called Strike
0-2: Foul Ball, location: 2F
0-2: Ball
Nelson Ozuna is caught stealing 2nd base 2-4
1-2: Foul Ball, location: 2F
1-2: Foul Ball, location: 2F
1-2: Ball
2-2: Strikes out swinging
Bottom of the 1st over - 0 runs, 1 hit, 0 errors, 0 left on base; Milwaukee (NYP) 0 - Hillsboro 0
TOP OF THE 2ND
Milwaukee (NYP) Brewers batting - Pitching for Hillsboro Hops : RHP Ricardo Villar
Batting: SHB Ramon Perez 0-0: Called Strike
0-1: Ball
1-1: Foul Ball, location: 2F
1-2: Ball
2-2: Strikes out swinging
Batting: RHB Ryan Miller 0-0: Ball
1-0: Ball
2-0: Ball
3-0: Base on Balls
Batting: RHB Jose Cerritos 0-0: Ball
Ryan Miller is caught stealing 2nd base 2-4
1-0: Ball
2-0: Ground out U3 (Groundball, 34, EV 82.5 MPH)
Top of the 2nd over - 0 runs, 0 hits, 0 errors, 0 left on base; Milwaukee (NYP) 0 - Hillsboro 0
BOTTOM OF THE 2ND
Hillsboro Hops batting - Pitching for Milwaukee (NYP) Brewers : RHP Ben Bosley
Batting: RHB Longfellow Wetzler 0-0: Called Strike
0-1: Foul Ball, location: 2F
0-2: Fly out, F6 (Line Drive, 6, EV 68.8 MPH)
Batting: RHB Jonathan Underhill 0-0: Ball
1-0: Ball
2-0: Foul Ball, location: 2F
2-1: Called Strike
2-2: Reached on error, E6 (Groundball, 6, EV 81.2 MPH)
Batting: RHB Chris McGrath 0-0: Ball
1-0: Called Strike
1-1: Called Strike
1-2: Ground out 4-3 (Groundball, 4, EV 85.0 MPH)
Jonathan Underhill to third
Batting: RHB Orlando Florez 0-0: DOUBLE (Line Drive, 89M, EV 109.4 MPH)
Jonathan Underhill scores
Batting: RHB Ryuki Ogasawara 0-0: Swinging Strike
0-1: Ball
1-1: Ball
2-1: Called Strike
2-2: SINGLE (Groundball, 4MD, EV 105.0 MPH)
Orlando Florez to third
Runner from 3rd tries for Home, SAFE, throw by CF to home
Batting: RHB Trevor Corey 0-0: Ball
Pickoff Throw to First - Error! E1
Ryuki Ogasawara to second
1-0: Swinging Strike
1-1: Foul Ball, location: 2F
1-2: Ball
2-2: Ball
3-2: Fly out, F5 (Flyball, 5D, EV 90.6 MPH)
Bottom of the 2nd over - 2 runs, 2 hits, 2 errors, 1 left on base; Milwaukee (NYP) 0 - Hillsboro 2
TOP OF THE 3RD
Milwaukee (NYP) Brewers batting - Pitching for Hillsboro Hops : RHP Ricardo Villar
Batting: RHB Victor Alarcon 0-0: Ball
1-0: Ball
2-0: Foul Ball, location: 2F
2-1: Ground out 5-3 (Groundball, 56S, EV 83.1 MPH)
Batting: RHB Leo Serrano 0-0: Called Strike
0-1: Called Strike
0-2: SINGLE (Line Drive, 34, EV 97.5 MPH)
Batting: RHB Michael Dickerson 0-0: Grounds into double play, 1-4-3 (Groundball, 15, EV 68.8 MPH)
Top of the 3rd over - 0 runs, 1 hit, 0 errors, 0 left on base; Milwaukee (NYP) 0 - Hillsboro 2
BOTTOM OF THE 3RD
Hillsboro Hops batting - Pitching for Milwaukee (NYP) Brewers : RHP Ben Bosley
Batting: RHB Nelson Ozuna 0-0: Ball
1-0: Called Strike
1-1: Swinging Strike
1-2: DOUBLE (Line Drive, 78D, EV 108.1 MPH)
Batting: RHB Dwane Reed 0-0: Ball
1-0: SINGLE (Groundball, 6, EV 94.4 MPH)
Nelson Ozuna to third
Runner from 3rd tries for Home, SAFE, throw by LF to home
Dwane Reed to second
Batting: RHB Danny Loyola 0-0: Called Strike
0-1: Swinging Strike
0-2: Foul Ball, location: 2F
0-2: Ball
1-2: Foul Ball, location: 2F
1-2: SINGLE (Groundball, 56D, EV 102.5 MPH)
Dwane Reed to third
Batting: RHB Longfellow Wetzler 0-0: SINGLE (Groundball, 6MS, EV 63.1 MPH) (infield hit)
Dwane Reed scores
Danny Loyola to second
Batting: RHB Jonathan Underhill 0-0: Called Strike
0-1: Ball
1-1: Called Strike
1-2: Ball
2-2: Foul Ball, location: 2F
2-2: Ball
3-2: Foul Ball, location: 2F
3-2: Fielders Choice at 2nd, 6-4 (Groundball, 6S, EV 89.4 MPH)
Danny Loyola to third
Batting: RHB Chris McGrath 0-0: Called Strike
0-1: Grounds into double play, 6-4-3 (Groundball, 6, EV 88.8 MPH)
Bottom of the 3rd over - 2 runs, 4 hits, 0 errors, 1 left on base; Milwaukee (NYP) 0 - Hillsboro 4
TOP OF THE 4TH
Milwaukee (NYP) Brewers batting - Pitching for Hillsboro Hops : RHP Ricardo Villar
Batting: RHB Chris Maul 0-0: Ground out 6-3 (Groundball, 56, EV 89.4 MPH)
Batting: SHB Orlando Torres 0-0: Ball
1-0: Ball
2-0: Ball
3-0: Base on Balls
Batting: LHB Tyler Francis 0-0: Ball
1-0: Foul Ball, location: 2F
1-1: Fielders Choice at 2nd, 5-4 (Groundball, 25, EV 86.2 MPH)
Batting: SHB Ramon Perez 0-0: Ground out 6-3 (Groundball, 4, EV 109.4 MPH)
Top of the 4th over - 0 runs, 0 hits, 0 errors, 1 left on base; Milwaukee (NYP) 0 - Hillsboro 4
BOTTOM OF THE 4TH
Hillsboro Hops batting - Pitching for Milwaukee (NYP) Brewers : RHP Ben Bosley
Batting: RHB Orlando Florez 0-0: Ball
1-0: Called Strike
1-1: Fly out, F9 (Flyball, 89S, EV 80.6 MPH)
Batting: RHB Ryuki Ogasawara 0-0: Ground out 6-3 (Groundball, 6, EV 81.9 MPH)
Batting: RHB Trevor Corey 0-0: Ball
1-0: Ball
2-0: Fly out, F9 (Flyball, 9D, EV 85.6 MPH)
Bottom of the 4th over - 0 runs, 0 hits, 0 errors, 0 left on base; Milwaukee (NYP) 0 - Hillsboro 4
TOP OF THE 5TH
Milwaukee (NYP) Brewers batting - Pitching for Hillsboro Hops : RHP Ricardo Villar
Batting: RHB Ryan Miller 0-0: Called Strike
0-1: Ground out 6-3 (Groundball, 6, EV 103.8 MPH)
Batting: RHB Jose Cerritos 0-0: Ground out 6-3 (Groundball, 6, EV 88.1 MPH)
Batting: RHB Victor Alarcon 0-0: Swinging Strike
0-1: Swinging Strike
0-2: DOUBLE (Line Drive, 7LS, EV 107.5 MPH)
Batting: RHB Leo Serrano 0-0: SINGLE (Groundball, 56D, EV 98.1 MPH)
Victor Alarcon to third
Runner from 3rd tries for Home, SAFE, throw by LF to home
Batting: RHB Michael Dickerson 0-0: Called Strike
0-1: Swinging Strike
0-2: Foul Ball, location: 2F
0-2: Strikes out swinging
Top of the 5th over - 1 run, 2 hits, 0 errors, 1 left on base; Milwaukee (NYP) 1 - Hillsboro 4
BOTTOM OF THE 5TH
Hillsboro Hops batting - Pitching for Milwaukee (NYP) Brewers : RHP Ben Bosley
Batting: RHB Nelson Ozuna 0-0: Ball
1-0: Ball
2-0: Called Strike
2-1: Ground out 5-3 (Groundball, 56, EV 83.1 MPH)
Batting: RHB Dwane Reed 0-0: Swinging Strike
0-1: Swinging Strike
0-2: Fly out, F8 (Line Drive, 89M, EV 84.4 MPH)
Batting: RHB Danny Loyola 0-0: Called Strike
0-1: Ground out U3 (Groundball, 3, EV 89.4 MPH)
Bottom of the 5th over - 0 runs, 0 hits, 0 errors, 0 left on base; Milwaukee (NYP) 1 - Hillsboro 4
TOP OF THE 6TH
Milwaukee (NYP) Brewers batting - Pitching for Hillsboro Hops : RHP Ricardo Villar
Batting: RHB Chris Maul 0-0: Ball
1-0: Ball
2-0: Called Strike
2-1: Ball
3-1: Called Strike
3-2: Base on Balls
Batting: SHB Orlando Torres 0-0: Ball
Chris Maul steals 2nd, throwing error, E2
Chris Maul to third
1-0: Called Strike
1-1: Foul Ball, location: 2F
1-2: Strikes out looking
Batting: LHB Tyler Francis 0-0: Called Strike
0-1: Foul Ball, location: 2F
Balk!
Chris Maul scores
0-2: Foul Ball, location: 2F
0-2: SINGLE (Groundball, 56D, EV 94.4 MPH)
Batting: SHB Ramon Perez 0-0: Called Strike
Pickoff Throw to First - Out! 1-3 CS
0-1: Swinging Strike
0-2: Fly out, F2 (Popup, 5SF, EV 79.4 MPH)
Top of the 6th over - 1 run, 1 hit, 1 error, 0 left on base; Milwaukee (NYP) 2 - Hillsboro 4
BOTTOM OF THE 6TH
Hillsboro Hops batting - Pitching for Milwaukee (NYP) Brewers : RHP Ben Bosley
Batting: RHB Longfellow Wetzler 0-0: Ball
1-0: Called Strike
1-1: Ball
2-1: Ball
3-1: Called Strike
3-2: Foul Ball, location: 2F
3-2: Foul Ball, location: 2F
3-2: Ground out 5-3 (Groundball, 56, EV 91.2 MPH)
Batting: RHB Jonathan Underhill 0-0: Foul Ball, location: 2F
0-1: Ball
1-1: Swinging Strike
1-2: Ball
2-2: Strikes out looking
Batting: RHB Chris McGrath 0-0: Ball
1-0: Ground out 6-3 (Groundball, 6, EV 82.5 MPH)
Bottom of the 6th over - 0 runs, 0 hits, 0 errors, 0 left on base; Milwaukee (NYP) 2 - Hillsboro 4
TOP OF THE 7TH
Milwaukee (NYP) Brewers batting - Pitching for Hillsboro Hops : RHP Ricardo Villar
Batting: RHB Ryan Miller 0-0: Ground out 5-3 (Groundball, 56S, EV 87.5 MPH)
Batting: RHB Jose Cerritos 0-0: SINGLE (Groundball, 4D, EV 99.4 MPH)
Batting: RHB Victor Alarcon 0-0: Called Strike
0-1: Ball
Jose Cerritos steals 2nd base
1-1: Ball
2-1: Swinging Strike
2-2: Strikes out swinging
Batting: RHB Leo Serrano 0-0: Ground out 4-3 (Groundball, 4, EV 100.6 MPH)
Top of the 7th over - 0 runs, 1 hit, 0 errors, 1 left on base; Milwaukee (NYP) 2 - Hillsboro 4
BOTTOM OF THE 7TH
Hillsboro Hops batting - Pitching for Milwaukee (NYP) Brewers : RHP Ben Bosley
Pitching: RHP Ramon Rodriguez
Batting: RHB Orlando Florez 0-0: Called Strike
0-1: Ball
1-1: Foul Ball, location: 2F
1-2: Ball
2-2: Ball
3-2: Ground out 4-3 (Groundball, 34, EV 80.6 MPH)
Batting: RHB Ryuki Ogasawara 0-0: Ball
1-0: Ball
2-0: Called Strike
2-1: Ball
3-1: Swinging Strike
3-2: Foul Ball, location: 2F
3-2: Strikes out swinging
Batting: RHB Trevor Corey 0-0: Called Strike
0-1: Ball
1-1: Swinging Strike
1-2: Foul Ball, location: 2F
1-2: Strikes out swinging
Bottom of the 7th over - 0 runs, 0 hits, 0 errors, 0 left on base; Milwaukee (NYP) 2 - Hillsboro 4
TOP OF THE 8TH
Milwaukee (NYP) Brewers batting - Pitching for Hillsboro Hops : RHP Ricardo Villar
Batting: RHB Michael Dickerson 0-0: Ball
1-0: Called Strike
1-1: Ball
2-1: Ground out 5-3 (Groundball, 5S, EV 90.6 MPH)
Batting: RHB Chris Maul 0-0: Fly out, F8 (Flyball, 8LM, EV 86.9 MPH)
Batting: SHB Orlando Torres 0-0: Ball
1-0: Ball
2-0: Foul Ball, location: 2F
2-1: Foul Ball, location: 2F
2-2: Ball
3-2: Fly out, F8 (Flyball, 8RM, EV 95.6 MPH)
Top of the 8th over - 0 runs, 0 hits, 0 errors, 0 left on base; Milwaukee (NYP) 2 - Hillsboro 4
BOTTOM OF THE 8TH
Hillsboro Hops batting - Pitching for Milwaukee (NYP) Brewers : RHP Ramon Rodriguez
Batting: RHB Nelson Ozuna 0-0: Ball
1-0: Called Strike
1-1: Ground out 6-3 (Groundball, 6S, EV 83.1 MPH)
Batting: RHB Dwane Reed 0-0: Ball
1-0: Ball
2-0: Foul Ball, location: 2F
2-1: Foul Ball, location: 2F
2-2: Ball
3-2: Strikes out swinging
Batting: RHB Danny Loyola 0-0: Called Strike
0-1: Ball
1-1: Ball
2-1: SINGLE (Groundball, 4MD, EV 99.4 MPH)
Batting: RHB Longfellow Wetzler 0-0: 2-RUN HOME RUN (Line Drive, 7D, EV 107.5 MPH), Distance : 420 ft
Batting: RHB Jonathan Underhill 0-0: Ball
1-0: Ball
2-0: Called Strike
2-1: Fly out, F7 (Line Drive, 78M, EV 87.5 MPH)
Bottom of the 8th over - 2 runs, 2 hits, 0 errors, 0 left on base; Milwaukee (NYP) 2 - Hillsboro 6
TOP OF THE 9TH
Milwaukee (NYP) Brewers batting - Pitching for Hillsboro Hops : RHP Ricardo Villar
Batting: LHB Tyler Francis 0-0: Ball
1-0: Ball
2-0: Ball
3-0: Called Strike
3-1: Called Strike
3-2: Base on Balls
Pitching: RHP Andrew Yoder
Batting: SHB Ramon Perez 0-0: Called Strike
0-1: Foul Ball, location: 2F
0-2: Ball
1-2: Strikes out swinging
Batting: RHB Ryan Miller 0-0: Fly out, F8 (Line Drive, 8LD, EV 93.8 MPH)
Batting: RHB Jose Cerritos 0-0: Ball
1-0: Ball
2-0: Foul Ball, location: 2F
2-1: Fielders Choice at 2nd, 6-4 (Groundball, 6, EV 86.9 MPH)
Top of the 9th over - 0 runs, 0 hits, 0 errors, 1 left on base; Milwaukee (NYP) 2 - Hillsboro 6
Thursday, December 15th , 2022 - OOTP Baseball 23.9 Build 102